AoeStats
← Olfrombox

Arabia

507126365Analyzed
2v2 RM · 14d ago on Sep 16, 2026· 51m 5s· 4 players
Game mode
Random Map
Map size
Medium (4 player)
Population
200
Speed
Normal
Resources
Standard
Victory
Conquest
Starting age
Dark Age
Ending age
Imperial Age
RankedLock teamsTeams togetherTeam positionsShared explorationLock speedFull tech treeHidden civsTurbo modeCheats
Victory
Defeat
🇨🇱 Saracens · Chile
680
+12
🇸🇰 Khmer · Slovakia
655
+12
🇮🇪 Cumans · Ireland
610
-13
🇬🇧 Bulgarians · United Kingdom
551
-11
Olfrombox
11:51 Feudal Age
20:38 Castle Age
25:24 Husbandry
25:37 Scale Barding Armor
25:44 Forging
28:05 Iron Casting
29:45 Stirrups
29:43 Elite Skirmisher
31:59 Caravan
33:35 Chain Barding Armor
33:18 Padded Archer Armor
33:09 Fletching
33:32 Thumb Ring
36:29 Wheelbarrow
36:05 Stirrups
36:34 Bloodlines
36:52 Bodkin Arrow
37:14 Leather Archer Armor
42:14 Imperial Age
41:18 Hand Cart
42:29 Elite Konnik
id.ro.mele
1:38 Loom
11:09 Feudal Age
11:43 Double-Bit Axe
17:11 Horse Collar
23:12 Castle Age
21:23 Gold Mining
21:40 Stone Mining
24:19 Bow Saw
24:16 Heavy Plow
27:55 Pikeman
28:36 Squires
28:01 Elite Skirmisher
28:47 Thumb Ring
29:04 Bloodlines
28:48 Fletching
28:58 Padded Archer Armor
30:01 Wheelbarrow
29:11 Town Watch
30:30 Caravan
31:11 Light Cavalry
33:44 Gold Shaft Mining
34:20 Hand Cart
34:06 Town Patrol
38:11 Imperial Age
38:59 Ballistics
38:35 Murder Holes
38:51 Masonry
38:36 Cavalier
40:38 Crop Rotation
40:49 Steppe Husbandry
41:11 Conscription
41:27 Hoardings
41:14 Bodkin Arrow
41:36 Leather Archer Armor
41:21 Scale Mail Armor
41:32 Forging
43:20 Halberdier
44:39 Ring Archer Armor
44:28 Chain Mail Armor
44:52 Iron Casting
44:25 Scale Barding Armor
45:29 Chemistry
48:32 Plate Mail Armor
49:02 Blast Furnace
48:23 Chain Barding Armor
alfredo296gomez
11:22 Feudal Age
12:03 Double-Bit Axe
12:32 Horse Collar
18:48 Bloodlines
19:06 Forging
22:02 Castle Age
20:31 Scale Barding Armor
23:11 Husbandry
24:26 Caravan
25:41 Chain Barding Armor
28:21 Bimaristan
28:43 Fervor
30:39 Herbal Medicine
32:03 Wheelbarrow
31:17 Loom
31:18 Town Watch
36:16 Hand Cart
36:01 Town Patrol
36:37 Bow Saw
38:01 Fletching
38:53 Ballistics
38:31 Murder Holes
40:05 Redemption
40:02 Devotion
40:24 Sanctity
40:27 Heresy
40:08 Atonement
43:03 Imperial Age
43:08 Elite Mameluke
44:28 Block Printing
44:41 Illumination
44:56 Theocracy
45:24 Chemistry
44:05 Treadmill Crane
45:48 Counterweights
jakub.b24
11:16 Feudal Age
11:44 Town Watch
12:10 Double-Bit Axe
12:32 Horse Collar
17:57 Wheelbarrow
22:19 Castle Age
20:33 Fletching
21:23 Forging
21:32 Gold Mining
21:35 Stone Mining
21:58 Scale Mail Armor
23:37 Town Patrol
24:32 Hand Cart
25:07 Stone Shaft Mining
25:37 Padded Archer Armor
27:01 Gold Shaft Mining
26:14 Loom
26:38 Crossbowman
27:18 Pikeman
28:45 Scale Barding Armor
29:02 Guard Tower
30:11 Fortified Wall
31:13 Heavy Plow
32:00 Bodkin Arrow
32:36 Leather Archer Armor
32:59 Iron Casting
33:43 Ballistics
33:30 Husbandry
35:00 Chain Mail Armor
35:02 Leather Archer Armor
36:17 Chain Barding Armor
37:20 Caravan
37:35 Bow Saw
41:31 Imperial Age
39:32 Bloodlines
38:43 Light Cavalry
39:15 Arson
38:53 Elite Skirmisher
40:30 Coinage
40:45 Murder Holes
41:01 Masonry
41:21 Herbal Medicine
42:01 Tusk Swords
41:54 Arbalester
43:03 Conscription
42:08 Elite Ballista Elephant
43:59 Chemistry
42:31 Halberdier
44:06 Crop Rotation
44:25 Architecture
45:27 Hoardings
44:33 Cavalier
46:24 Banking
47:15 Blast Furnace
46:51 Ring Archer Armor
46:30 Hussar
48:42 Plate Barding Armor
48:07 Bracer
48:37 Parthian Tactics
49:32 Double Crossbow
49:53 Sappers
50:39 Siege Engineers
Connection lost

Rejoining the realm…

Still unreachable

The connection could not be restored.

Session expired

The server has moved on; the page needs a fresh start.